TOP OF THE 1ST |
San Jose Missions batting - Pitching for Mile High Broncos : RHP Denny Green
|
Pitching: RHP Denny Green
|
|
Batting: RHB José Martínez
|
0-0: Foul Ball, location: 2F 0-1: Ball 1-1: Ball 2-1: Foul Ball, location: 2F 2-2: SINGLE (Groundball, 34D)
|
Batting: RHB Jorge Díaz
|
0-0: Fly out, F9 (Line Drive, 89D)
|
Batting: LHB Chris Austin
|
0-0: Ball José Martínez is caught stealing 2nd base 1-0: Ball 2-0: Ball 3-0: Base on Balls
|
Batting: RHB Dale Taylor
|
0-0: Foul Ball, location: 2F 0-1: Ball 1-1: Ball 2-1: Foul Ball, location: 2F 2-2: Ball 3-2: Fly out, F8 (Flyball, 8LM)
|
Top of the 1st over - 0 run(s), 1 hit(s), 0 error(s), 1 left on base; San Jose 0 - Mile High 0 |
BOTTOM OF THE 1ST |
Mile High Broncos batting - Pitching for San Jose Missions : RHP Francisco Arellano
|
Pitching: RHP Francisco Arellano
|
|
Batting: LHB Ernesto López
|
0-0: Called Strike 0-1: Ball 1-1: Called Strike 1-2: Ground out 5-3 (Groundball, 56S)
|
Batting: RHB Evan Robinson
|
0-0: Called Strike 0-1: Called Strike 0-2: Ball 1-2: Foul Ball, location: 2F 1-2: Fly out, F7 (Flyball, 7S)
|
Batting: LHB Dave Cook
|
0-0: Foul Ball, location: 2F 0-1: Ball 1-1: Called Strike 1-2: Ball 2-2: Foul Ball, location: 2F 2-2: Foul Ball, location: 2F 2-2: Foul Ball, location: 2F 2-2: Foul Ball, location: 2F 2-2: Ground out 5-3 (Groundball, 5S)
|
Bottom of the 1st over - 0 run(s), 0 hit(s), 0 error(s), 0 left on base; San Jose 0 - Mile High 0 |
TOP OF THE 2ND |
San Jose Missions batting - Pitching for Mile High Broncos : RHP Denny Green
|
Batting: LHB Alan McGilroy
|
0-0: Ball 1-0: SOLO HOME RUN (Flyball, 9D), Distance : 386 ft
|
Batting: RHB Naomichi Aoki
|
0-0: Ball 1-0: Called Strike 1-1: Bunt for hit - play at first, batter safe!
|
Batting: RHB Ed Starr
|
0-0: Ball 1-0: SINGLE (Groundball, 56S) (infield hit) Naomichi Aoki to second
|
Batting: RHB José Sánchez
|
0-0: Ball 1-0: SINGLE (Groundball, 6D) Naomichi Aoki to third Ed Starr to second Runner from 3rd tries for Home, SAFE, no throw
|
Batting: RHB Miguel Mendoza
|
0-0: Called Strike 0-1: SINGLE (Groundball, 34D) Ed Starr to third José Sánchez to second
|
Batting: RHB José Martínez
|
0-0: Foul Ball, location: 2F 0-1: Ball 1-1: Ball 2-1: Foul Ball, location: 2F 2-2: SINGLE (Groundball, 6) (infield hit) Ed Starr scores José Sánchez to third Miguel Mendoza to second
|
Batting: RHB Jorge Díaz
|
0-0: Ball 1-0: Called Strike 1-1: Grounds into double play, 6-4-3 (Groundball, 6) José Sánchez scores Miguel Mendoza to third
|
Batting: LHB Chris Austin
|
0-0: Ground out 6-3 (Groundball, 6)
|
Top of the 2nd over - 4 run(s), 6 hit(s), 0 error(s), 1 left on base; San Jose 4 - Mile High 0 |
BOTTOM OF THE 2ND |
Mile High Broncos batting - Pitching for San Jose Missions : RHP Francisco Arellano
|
Batting: RHB David Moran
|
0-0: Ball 1-0: Foul Ball, location: 2F 1-1: Ball 2-1: Foul Ball, location: 2F 2-2: Foul Ball, location: 2F 2-2: Strikes out looking
|
Batting: RHB António Martínez
|
0-0: Called Strike 0-1: Ball 1-1: Ball 2-1: Swinging Strike 2-2: Ball 3-2: Foul Ball, location: 2F 3-2: Fly out, F8 (Flyball, 89D)
|
Batting: RHB Jeff Packard
|
0-0: Ball 1-0: Fly out, F9 (Line Drive, 9LM)
|
Bottom of the 2nd over - 0 run(s), 0 hit(s), 0 error(s), 0 left on base; San Jose 4 - Mile High 0 |
TOP OF THE 3RD |
San Jose Missions batting - Pitching for Mile High Broncos : RHP Denny Green
|
Batting: RHB Dale Taylor
|
0-0: Foul Ball, location: 2F 0-1: Ball 1-1: Foul Ball, location: 2F 1-2: Ground out 6-3 (Groundball, 6)
|
Batting: LHB Alan McGilroy
|
0-0: Called Strike 0-1: Ball 1-1: Fly out, F4 (Popup, 4M)
|
Batting: RHB Naomichi Aoki
|
0-0: Ball 1-0: Foul Ball, location: 2F 1-1: Swinging Strike 1-2: Ball 2-2: Ground out 5-3 (Groundball, 56)
|
Top of the 3rd over - 0 run(s), 0 hit(s), 0 error(s), 0 left on base; San Jose 4 - Mile High 0 |
BOTTOM OF THE 3RD |
Mile High Broncos batting - Pitching for San Jose Missions : RHP Francisco Arellano
|
Batting: SHB Keith Shaffer
|
0-0: Ball 1-0: Called Strike 1-1: Ball 2-1: Ball 3-1: Base on Balls
|
Batting: LHB Tony Báez
|
0-0: Foul Ball, location: 2F 0-1: Ball 1-1: Foul Ball, location: 2F 1-2: Foul Ball, location: 2F 1-2: Foul Ball, location: 2F 1-2: DOUBLE (Flyball, 8RXD) Keith Shaffer to third
|
Batting: RHB Edward Williams
|
0-0: Called Strike 0-1: Ball 1-1: SINGLE (Groundball, 34D) Keith Shaffer scores Tony Báez to third
|
Batting: LHB Ernesto López
|
0-0: SINGLE (Groundball, 34D) Tony Báez scores Edward Williams to second Runner from 2nd tries for 3rd, SAFE, throw made to third Ernesto López to second
|
Batting: RHB Evan Robinson
|
0-0: Called Strike 0-1: Ball 1-1: Called Strike 1-2: Strikes out swinging
|
Batting: LHB Dave Cook
|
0-0: Ball 1-0: Ball 2-0: Called Strike 2-1: Ball 3-1: Base on Balls
|
Batting: RHB David Moran
|
0-0: Ball 1-0: SINGLE (Groundball, 34D) Edward Williams scores Ernesto López to third Dave Cook to second
|
Batting: RHB António Martínez
|
0-0: Ball 1-0: Ball 2-0: Ball 3-0: Base on Balls Ernesto López scores Dave Cook to third David Moran to second
|
Batting: RHB Jeff Packard
|
0-0: Ball 1-0: Called Strike 1-1: DOUBLE (Line Drive, 89XD) Dave Cook scores David Moran scores António Martínez to third
|
Batting: SHB Keith Shaffer
|
0-0: Swinging Strike 0-1: Ball 1-1: Foul Ball, location: 2F 1-2: SINGLE (Groundball, 4MD) António Martínez scores Jeff Packard to third Runner from 3rd tries for Home, SAFE, no throw
|
Pitching: RHP Rafael Ressureio
|
|
Batting: LHB Tony Báez
|
0-0: Ball 1-0: Ball 2-0: Called Strike 2-1: Called Strike 2-2: Foul Ball, location: 2F 2-2: Ball 3-2: Foul Ball, location: 2F 3-2: Foul Ball, location: 2F 3-2: Base on Balls Keith Shaffer to second
|
Batting: RHB Edward Williams
|
0-0: Ball 1-0: Foul Ball, location: 2F 1-1: Grounds into double play, U5-3 (Groundball, 5L)
|
Bottom of the 3rd over - 8 run(s), 6 hit(s), 0 error(s), 1 left on base; San Jose 4 - Mile High 8 |
TOP OF THE 4TH |
San Jose Missions batting - Pitching for Mile High Broncos : RHP Denny Green
|
Batting: RHB Ed Starr
|
0-0: Called Strike 0-1: Ball 1-1: Ball 2-1: Foul Ball, location: 2F 2-2: SINGLE (Line Drive, 34)
|
Batting: RHB José Sánchez
|
0-0: Ball 1-0: SINGLE (Line Drive, 6M) Ed Starr to second
|
Batting: RHB Miguel Mendoza
|
0-0: Ball 1-0: Ball 2-0: Called Strike 2-1: Ball 3-1: Base on Balls Ed Starr to third José Sánchez to second
|
Batting: RHB José Martínez
|
0-0: Ball 1-0: Fly out, F8 (Flyball, 8LS) Runner from 3rd tags up, SCORES, no throw
|
Batting: RHB Jorge Díaz
|
0-0: Ball 1-0: Ball 2-0: Ball 3-0: Single, Error in OF, E9, batter to second base José Sánchez scores Miguel Mendoza to third
|
Batting: LHB Chris Austin
|
0-0: Ball 1-0: Ground out 1-3 (Groundball, 13S)
|
Batting: RHB Dale Taylor
|
0-0: Ball 1-0: Ball 2-0: Called Strike 2-1: SINGLE (Line Drive, 7S) Miguel Mendoza scores Jorge Díaz to third Runner from 3rd tries for Home, SAFE, no throw
|
Batting: LHB Alan McGilroy
|
0-0: Ground out 3-1 (Groundball, 34S)
|
Top of the 4th over - 4 run(s), 4 hit(s), 1 error(s), 1 left on base; San Jose 8 - Mile High 8 |
BOTTOM OF THE 4TH |
Mile High Broncos batting - Pitching for San Jose Missions : RHP Rafael Ressureio
|
Batting: LHB Ernesto López
|
0-0: Ball 1-0: Ball 2-0: Ball 3-0: Fly out, F3 (Popup, 3L)
|
Batting: RHB Evan Robinson
|
0-0: Ball 1-0: Ground out 5-3 (Groundball, 5)
|
Batting: LHB Dave Cook
|
0-0: Ball 1-0: Foul Ball, location: 2F 1-1: Ball 2-1: Ball 3-1: Called Strike 3-2: Fly out, F7 (Flyball, 78D)
|
Bottom of the 4th over - 0 run(s), 0 hit(s), 0 error(s), 0 left on base; San Jose 8 - Mile High 8 |
TOP OF THE 5TH |
San Jose Missions batting - Pitching for Mile High Broncos : RHP Denny Green
|
Pitching: LHP Jorge García
|
|
Batting: RHB Naomichi Aoki
|
0-0: SINGLE (Groundball, 56D)
|
Batting: RHB Ed Starr
|
0-0: Swinging Strike 0-1: Foul Ball, location: 2F 0-2: Ball 1-2: Ball 2-2: Ball 3-2: SINGLE (Groundball, 56) Naomichi Aoki to second
|
Batting: RHB José Sánchez
|
0-0: Swinging Strike 0-1: Called Strike 0-2: Ball 1-2: Ball 2-2: Foul Ball, location: 2F 2-2: Strikes out swinging
|
Pitching: LHP Domingo Morales
|
|
Batting: RHB Miguel Mendoza
|
0-0: Called Strike 0-1: Swinging Strike 0-2: Ground out 5-3 (Groundball, 56) Naomichi Aoki to third Ed Starr to second
|
Batting: RHB José Martínez
|
0-0: Ball 1-0: Called Strike 1-1: Fly out, F9 (Flyball, 9)
|
Top of the 5th over - 0 run(s), 2 hit(s), 0 error(s), 2 left on base; San Jose 8 - Mile High 8 |
BOTTOM OF THE 5TH |
Mile High Broncos batting - Pitching for San Jose Missions : RHP Rafael Ressureio
|
Batting: RHB David Moran
|
0-0: Foul Ball, location: 2F 0-1: Called Strike 0-2: Ball 1-2: Ball 2-2: Ball 3-2: Foul Ball, location: 2F 3-2: Base on Balls
|
Batting: RHB António Martínez
|
0-0: Ball 1-0: Foul Ball, location: 2F 1-1: Called Strike 1-2: Ball 2-2: Strikes out swinging
|
Pitching: RHP Larry West
|
|
Batting: RHB Jeff Packard
|
0-0: Called Strike 0-1: Ball 1-1: Ball 2-1: Ball 3-1: Base on Balls David Moran to second
|
Batting: SHB Keith Shaffer
|
0-0: Called Strike 0-1: Called Strike 0-2: SINGLE (Groundball, 6D) David Moran to third Jeff Packard to second Runner from 3rd tries for Home, SAFE, throw made home
|
Batting: LHB Tony Báez
|
0-0: Ball 1-0: Called Strike 1-1: Ball 2-1: Called Strike 2-2: Foul Ball, location: 2F 2-2: 3-RUN HOME RUN (Flyball, 9D), Distance : 392 ft
|
Batting: RHB Edward Williams
|
0-0: SINGLE (Line Drive, 6D)
|
Batting: LHB Ernesto López
|
0-0: Ball 1-0: Ball 2-0: SINGLE (Groundball, 56D) Edward Williams to second
|
Batting: RHB Evan Robinson
|
0-0: Ball 1-0: Ball 2-0: Ball 3-0: Base on Balls Edward Williams to third Ernesto López to second
|
Batting: LHB Dave Cook
|
0-0: Ball 1-0: Ball 2-0: Ball 3-0: Called Strike 3-1: Base on Balls Edward Williams scores Ernesto López to third Evan Robinson to second
|
Pitching: RHP José Reyes
|
|
Batting: RHB David Moran
|
0-0: Ball 1-0: Called Strike 1-1: Called Strike 1-2: Ball 2-2: Strikes out swinging
|
Batting: RHB António Martínez
|
0-0: Called Strike 0-1: Called Strike 0-2: Ball 1-2: Foul Ball, location: 2F 1-2: Ball 2-2: Fielders Choice at 2nd, 6-4 (Groundball, 6)
|
Bottom of the 5th over - 5 run(s), 4 hit(s), 0 error(s), 2 left on base; San Jose 8 - Mile High 13 |
TOP OF THE 6TH |
San Jose Missions batting - Pitching for Mile High Broncos : LHP Domingo Morales
|
Batting: RHB Jorge Díaz
|
0-0: Swinging Strike 0-1: Swinging Strike 0-2: Strikes out swinging
|
Pitching: RHP David Bailey
|
|
Batting: LHB Chris Austin
|
0-0: SINGLE (Flyball, 8LS)
|
Batting: RHB Dale Taylor
|
0-0: Called Strike 0-1: Ball 1-1: Called Strike 1-2: Ball 2-2: SINGLE (Groundball, 6MD) Chris Austin to second
|
Batting: LHB Alan McGilroy
|
0-0: Called Strike 0-1: Ball 1-1: Ball 2-1: Ball 3-1: Swinging Strike 3-2: Foul Ball, location: 2F 3-2: Strikes out swinging
|
Batting: RHB Naomichi Aoki
|
0-0: Called Strike 0-1: Swinging Strike 0-2: Strikes out swinging
|
Top of the 6th over - 0 run(s), 2 hit(s), 0 error(s), 2 left on base; San Jose 8 - Mile High 13 |
BOTTOM OF THE 6TH |
Mile High Broncos batting - Pitching for San Jose Missions : RHP José Reyes
|
Batting: RHB Jeff Packard
|
0-0: Ball 1-0: Ball 2-0: Ball 3-0: Called Strike 3-1: Base on Balls
|
Batting: SHB Keith Shaffer
|
0-0: Ball 1-0: Foul Ball, location: 2F 1-1: Ball 2-1: Ball 3-1: Base on Balls Jeff Packard to second
|
Batting: LHB Tony Báez
|
0-0: Ball 1-0: Called Strike 1-1: Ball 2-1: Called Strike 2-2: Foul Ball, location: 2F 2-2: Foul Ball, location: 2F 2-2: SINGLE (Line Drive, 56D) Jeff Packard to third Keith Shaffer to second Runner from 3rd tries for Home, SAFE, throw made home Keith Shaffer to third Tony Báez to second
|
Batting: RHB Edward Williams
|
0-0: Ball 1-0: DOUBLE (Line Drive, 78M) Keith Shaffer scores Tony Báez scores
|
Batting: LHB Ernesto López
|
0-0: Ball 1-0: Called Strike 1-1: Fly out, F8 (Line Drive, 78M)
|
Batting: RHB Evan Robinson
|
0-0: Ball 1-0: Swinging Strike 1-1: Ball 2-1: Ball 3-1: Fly out, F7 (Flyball, 78D)
|
Batting: LHB Dave Cook
|
0-0: Called Strike 0-1: Ball 1-1: 2-RUN HOME RUN (Flyball, 9LD), Distance : 388 ft
|
Pitching: LHP Morgan O'Day
|
|
Batting: RHB David Moran
|
0-0: SOLO HOME RUN (Flyball, 7D), Distance : 360 ft
|
Batting: RHB António Martínez
|
0-0: Swinging Strike 0-1: Ball 1-1: Fly out, F7 (Line Drive, 7)
|
Bottom of the 6th over - 6 run(s), 4 hit(s), 0 error(s), 0 left on base; San Jose 8 - Mile High 19 |
TOP OF THE 7TH |
San Jose Missions batting - Pitching for Mile High Broncos : RHP David Bailey
|
Batting: RHB Ed Starr
|
0-0: Called Strike 0-1: Ball 1-1: Called Strike 1-2: Ball 2-2: Strikes out looking
|
Batting: RHB José Sánchez
|
0-0: Ball 1-0: Foul Ball, location: 2F 1-1: Foul Ball, location: 2F 1-2: Ball 2-2: Ball 3-2: Strikes out looking
|
Batting: RHB Miguel Mendoza
|
0-0: Ground out 6-3 (Groundball, 6)
|
Top of the 7th over - 0 run(s), 0 hit(s), 0 error(s), 0 left on base; San Jose 8 - Mile High 19 |
BOTTOM OF THE 7TH |
Mile High Broncos batting - Pitching for San Jose Missions : LHP Morgan O'Day
|
Batting: RHB Jeff Packard
|
0-0: Called Strike 0-1: Ball 1-1: Called Strike 1-2: Ground out 1-3 (Groundball, P)
|
Pinch Hitting: RHB Bo Vickers
|
0-0: Foul Ball, location: 2F 0-1: Foul Ball, location: 2F 0-2: Ball 1-2: Foul Ball, location: 2F 1-2: Strikes out looking
|
Batting: LHB Tony Báez
|
0-0: Ball 1-0: Ground out 6-3 (Groundball, 6)
|
Bottom of the 7th over - 0 run(s), 0 hit(s), 0 error(s), 0 left on base; San Jose 8 - Mile High 19 |
TOP OF THE 8TH |
San Jose Missions batting - Pitching for Mile High Broncos : RHP David Bailey
|
Now at 2B: Bo Vickers
|
|
Now at SS: Luis Alvarado
|
|
Batting: RHB José Martínez
|
0-0: Swinging Strike 0-1: Ball 1-1: Ball 2-1: SINGLE (Groundball, 34D)
|
Batting: RHB Jorge Díaz
|
0-0: Ball 1-0: Foul Ball, location: 2F 1-1: Ball 2-1: Swinging Strike 2-2: Ball 3-2: Strikes out swinging
|
Batting: LHB Chris Austin
|
0-0: Foul Ball, location: 2F 0-1: Called Strike 0-2: Fly out, F8 (Flyball, 8LM)
|
Batting: RHB Dale Taylor
|
0-0: Ball 1-0: TRIPLE (Flyball, 89XD) José Martínez scores
|
Batting: LHB Alan McGilroy
|
0-0: Foul Ball, location: 2F 0-1: Fly out, F8 (Flyball, 8RM)
|
Top of the 8th over - 1 run(s), 2 hit(s), 0 error(s), 1 left on base; San Jose 9 - Mile High 19 |
BOTTOM OF THE 8TH |
Mile High Broncos batting - Pitching for San Jose Missions : LHP Morgan O'Day
|
Batting: RHB Edward Williams
|
0-0: Called Strike 0-1: Ball 1-1: Called Strike 1-2: Ball 2-2: Ball 3-2: Base on Balls
|
Batting: LHB Ernesto López
|
0-0: Called Strike 0-1: Foul Ball, location: 2F 0-2: Fly out, F4 (Popup, 34D)
|
Batting: RHB Evan Robinson
|
0-0: Ball 1-0: Called Strike 1-1: Called Strike 1-2: Foul Ball, location: 2F 1-2: Ball 2-2: Grounds into double play, 1-6-3 (Groundball, 13S)
|
Bottom of the 8th over - 0 run(s), 0 hit(s), 0 error(s), 0 left on base; San Jose 9 - Mile High 19 |
TOP OF THE 9TH |
San Jose Missions batting - Pitching for Mile High Broncos : RHP David Bailey
|
Now at 1B: Juan Medina
|
|
Batting: RHB Naomichi Aoki
|
0-0: Swinging Strike 0-1: Ball 1-1: Foul Ball, location: 2F 1-2: Foul Ball, location: 2F 1-2: Fly out, F8 (Line Drive, 89D)
|
Batting: RHB Ed Starr
|
0-0: Called Strike 0-1: Fly out, F4 (Line Drive, 4)
|
Batting: RHB José Sánchez
|
0-0: Swinging Strike 0-1: Ball 1-1: Called Strike 1-2: SINGLE (Groundball, 5D)
|
Batting: RHB Miguel Mendoza
|
0-0: Ball 1-0: Ball 2-0: Called Strike 2-1: Ball 3-1: Base on Balls José Sánchez to second
|
Batting: RHB José Martínez
|
0-0: Called Strike 0-1: DOUBLE (Groundball, 5L) José Sánchez scores Miguel Mendoza to third Runner from 3rd tries for Home, throw and OUT!
|
Top of the 9th over - 1 run(s), 2 hit(s), 0 error(s), 1 left on base; San Jose 10 - Mile High 19 |
|